 Dungeon Crawl Stone Soup version 0.27-a0-1456-gf5a116941d (webtiles) character file.

Game seed: 15995501165427207119

20911 quinnr the Stormcaller (level 12, -4/59 HPs)
             Began as a Tengu Air Elementalist on July 5, 2021.
             Was a Priest of Vehumet.
             Succumbed to a black mamba's poison
             ... on level 2 of the Lair of Beasts.
             The game lasted 00:39:45 (19344 turns).

quinnr the Stormcaller (Tengu Air Elementalist)    Turns: 19344, Time: 00:39:46

Health: -4/59      AC:  3    Str:  9    XL:     12   Next: 84%
Magic:  5/26       EV: 16    Int: 20    God:    Vehumet [***...]
Gold:   323        SH:  0    Dex: 15    Spells: 5/29 levels left

rFire    . . .     SeeInvis .   l - +1 flail (holy)
rCold    . . .     Faith    .   (no shield)
rNeg     . . .     Spirit   .   a - +0 robe
rPois    .         Reflect  .   (helmet restricted)
rElec    .         Harm     .   v - scarf {repulsion}
rCorr    +         Rampage  .   u - +0 pair of gloves
Will     .....                  (boots unavailable)
Stlth    +++.......             o - amulet of regeneration
HPRegen  1.19/turn              m - ring of resist corrosion
MPRegen  0.20/turn              (no ring)

@: lethally poisoned (-4 -> -29), flying quickly and evasively, repel missiles,
quick
A: beak, talons 3, nimble flight
a: Renounce Religion


You were on level 2 of the Lair of Beasts.
You worshipped Vehumet.
Vehumet was most pleased with you.
You visited 3 branches of the dungeon, and saw 14 of its levels.

You collected 545 gold pieces.
You spent 222 gold pieces at shops.

Inventory:

Hand Weapons
 j - a +2 whip of flaming
 l - a +1 flail of holy wrath (weapon)
Missiles
 i - a throwing net
 k - 46 poisoned darts
 D - a curare-tipped dart
Armour
 a - a +0 robe (worn)
 u - a +0 pair of gloves (worn)
 v - a scarf of repulsion (worn)
Magical Staves
 M - a staff of death
Jewellery
 m - a ring of resist corrosion (left hand)
 o - an amulet of regeneration (around neck)
 s - an amulet of guardian spirit
 x - a +4 ring of slaying
 E - a ring of protection from cold
 I - a ring of ice
Wands
 g - a wand of acid (5)
 t - a wand of digging (9)
 y - a wand of polymorph (9)
 A - a wand of iceblast (9)
 C - a wand of flame (19)
Scrolls
 e - 2 scrolls of fear
 h - a scroll of vulnerability
 p - 2 scrolls of immolation {unknown}
 q - 3 scrolls of amnesia {unknown}
 r - 2 scrolls of enchant armour {unknown}
 G - 2 scrolls of magic mapping
 P - a scroll of summoning
 Q - a scroll of torment {unknown}
 R - a scroll of teleportation
 S - a scroll of brand weapon
Potions
 b - a potion of heal wounds
 c - 2 potions of curing
 d - 2 potions of resistance
 f - 2 potions of haste
 n - a potion of flight
 w - 2 potions of attraction
 z - 3 potions of might
 B - 2 potions of mutation
 J - a potion of brilliance
 L - a potion of ambrosia
 O - 2 potions of cancellation
 T - a potion of invisibility {unknown}
Miscellaneous
 F - a tin of tremorstones (2/2)
 H - a lightning rod (2/4)
 K - a phial of floods
 N - a box of beasts


   Skills:
 - Level 4.0 Dodging
 - Level 4.0 Stealth
 - Level 9.0 Spellcasting
 + Level 12.0 Conjurations
 - Level 4.0 Translocations
 - Level 3.0 Fire Magic
 + Level 17.0 Air Magic
 - Level 3.0 Poison Magic
 - Level 4.0 Evocations


You had 5 spell levels left.
You knew the following spells:

 Your Spells              Type           Power      Damage    Failure   Level
a - Shock                 Conj/Air       100%       1d9       0%          1
b - Airstrike             Air            33%        N/A       1%          4
c - Mephitic Cloud        Conj/Pois/Air  51%        N/A       1%          3
d - Poisonous Vapours     Pois/Air       98%        N/A       1%          2
e - Ignite Poison         Fire/Tmut/Pois 17%        N/A       2%          3
f - Blink                 Tloc           N/A        N/A       2%          2
g - Chain Lightning       Conj/Air       30%        3d40      99%         9

Your spell library contained the following spells:

 Spells                   Type           Power      Damage    Failure   Level
 Dazzling Flash           Conj/Hex       66%        N/A       1%          3
 Static Discharge         Conj/Air       61%        N/A       1%          2
 Swiftness                Air            67%        N/A       1%          3
 Sting                    Tmut/Pois      60%        1d6       4%          1
 Gell's Gravitas          Tloc           12%        N/A       4%          3
 Lesser Beckoning         Tloc           12%        N/A       4%          3
 Teleport Other           Tloc           25%        N/A       4%          3
 Olgreb's Toxic Radiance  Pois           21%        N/A       6%          4
 Bolt of Magma            Conj/Fire/Erth 14%        4d8       7%          5
 Portal Projectile        Hex/Tloc       34%        N/A       10%         3
 Passage of Golubria      Tloc           N/A        N/A       14%         4
 Tukima's Dance           Hex            9%         N/A       22%         3
 Manifold Assault         Tloc           25%        N/A       38%         5
 Yara's Violent Unravell  Hex/Tmut       4%         3d4       45%         5
 Blade Hands              Tmut           4%         N/A       91%         5
 Excruciating Wounds      Necr           4%         N/A       91%         5
 Fire Storm               Conj/Fire      19%        8d5       100%        9


Dungeon Overview and Level Annotations

Branches:
Dungeon (11/15)            Temple (1/1) D:6            Lair (2/6) D:10
  Swamp: Lair:2-4    Shoals: Lair:2-4     Snake: Lair:2-4    Spider: Lair:2-4
    Orc: D:9-12

Altars:
Ashenzari
Cheibriados
Dithmenos
Elyvilon
Fedhas
Gozag
Hepliaklqana
Kikubaaqudgha
Makhleb
Nemelex Xobeh
Okawaru
Qazlal
Ru
Sif Muna
Trog
Uskayaw
Vehumet
Wu Jian
Xom
Yredelemnul
Zin
The Shining One

Shops:
D:1 !   D:8 :   D:9 !


Innate Abilities, Weirdness & Mutations

You have a beak for a mouth.
You have claws for feet.
Your magical nature lets you fly swiftly and evasively.


Message History

The black mamba poisons you!
The blink frog is engulfed in blazing flames.
The black mamba completely misses you.
Unknown command.
Casting: Ignite Poison (dangerous; 2% risk of failure)
Confirm with . or Enter, or press ? or * to list all spells.
Aiming: Airstrike (safe; 1% risk of failure)
Press: ? - help, Dir - move target, f - black mamba
Aim: a black mamba The air twists around and strikes the black mamba!
The black mamba is moderately wounded.
You feel extremely sick.
The plant is engulfed in blazing flames.
The black mamba closely misses you.
Something hits the blink frog.
The blink frog croaks.
The black mamba bites you.
Casting: Airstrike (safe; 1% risk of failure)
Confirm with . or Enter, or press ? or * to list all spells.
Aiming: Airstrike (safe; 1% risk of failure)
Press: ? - help, Dir - move target, f/p - black mamba
Aim: a black mamba (moderately wounded)
The air twists around and strikes the black mamba!
The black mamba is severely wounded.
You feel very sick.
The plant is engulfed in blazing flames.
The black mamba bites you!!
* * * LOW HITPOINT WARNING * * *
You are more poisoned.
The black mamba poisons you!
The blink frog blinks!
Unknown command.
Casting: Airstrike (safe; 1% risk of failure)
Confirm with . or Enter, or press ? or * to list all spells.
Aiming: Airstrike (safe; 1% risk of failure)
Press: ? - help, Dir - move target, f/p - black mamba
Aim: a black mamba (severely wounded)
The air twists around and strikes the black mamba!!
You kill the black mamba!
Vehumet accepts your kill.
You feel your power returning.
You die...

# ### ### ####.# ###.####
..#..###..##.P########
.....................#
##...........†.......#
.##......#.####.....#. .
..#......#######...P# ...
..#......+....#.@.○P#...##
.....(....#.......○°○F....
.##......##....#..°.##...#
.PP.......#...+....## ###
.PP...††.##...##...#
##.............#...#
.#......>##.+.##....
...........#+.#......
.........)............


You could see a cane toad.

Vanquished Creatures
  4 two-headed ogres
  6 death yaks
  Urug (Lair:2)
  An orc knight (D:10)
  A manticore (D:11)
  Joseph (D:8)
  A black mamba (Lair:2)
  2 cane toads (Lair:1)
  2 komodo dragons (Lair:2)
  A kobold demonologist (D:11)
  Psyche (D:11)
  4 trolls
  A blink frog (Lair:1)
  2 wraiths
  A vampire (D:10)
  3 wyverns
  14 yaks
  Grum (D:8)
  A basilisk (Lair:2)
  A steam dragon (D:6)
  7 water moccasins
  5 orc warriors
  The ghost of Sin92 the Covered, an amateur MiFi (D:4)
  2 ice beasts
  4 black bears
  2 necrophages
  5 ogres
  7 wolves
  4 centaurs
  2 kobold brigands
  6 bullfrogs
  2 scorpions
  2 wyvern zombies
  A wyvern skeleton (D:3)
  3 water moccasin skeletons
  9 killer bees
  8 wights (D:8)
  An electric eel (D:8)
  7 howler monkeys
  5 crimson imps (D:9)
  A bullfrog zombie (D:3)
  6 centaur zombies
  A gnoll shaman (D:8)
  2 hounds (D:6)
  2 jellies
  A bullfrog skeleton (D:3)
  2 iguanas (D:7)
  Terence (D:3)
  3 orc wizards (D:8)
  A hound skeleton (D:3)
  Robin (D:3)
  5 gnolls (D:8)
  4 adders
  2 shadow imps (D:9)
  4 white imps
  A worm (D:1)
  2 dart slugs
  19 orcs
  6 endoplasms
  2 giant cockroaches
  8 hobgoblins
  11 jackals
  11 kobolds
  A quokka (D:2)
  5 ball pythons
  A bat (D:3)
  11 goblins
  A quokka skeleton (D:4)
  5 rats
252 creatures vanquished.

Vanquished Creatures (others)
  6 fungi
  10 plants
16 creatures vanquished.

Grand Total: 268 creatures vanquished

Notes
Turn   | Place    | Note
-------+----------+-------------------------------------------
     0 | D:1      | quinnr the Tengu Air Elementalist began the quest for the
                  | Orb.
     0 | D:1      | Reached XP level 1. HP: 10/10 MP: 4/4
   444 | D:1      | Reached XP level 2. HP: 13/15 MP: 1/6
   527 | D:1      | Found Kyicvoxo's Distillery.
   533 | D:1      | quinnr: ??ambrosia
   533 | D:1      | beem: potion of ambrosia[1/1]: Gives 3-10 turns of
                  | confusion and an HP/MP recovery effect (3-5 of each per
                  | turn). The recovery depends on the confusion; clarity no
                  | longer blocks either in 0.18. Works for deep dwarves! New
                  | in 0.16, replacing !confusion.
   826 | D:1      | Reached skill level 5 in Air Magic
  1437 | D:2      | Reached XP level 3. HP: 19/19 MP: 0/7
  1670 | D:2      | Found a faded altar of an unknown god.
  1951 | D:3      | Reached skill level 6 in Air Magic
  2021 | D:3      | Found a runed translucent gate.
  2022 | D:3      | Found a runed translucent gate.
  2024 | D:3      | Found a runed translucent gate.
  2083 | D:3      | Noticed a necrophage
  2161 | D:2      | Killed a necrophage
  2162 | D:2      | Reached skill level 7 in Air Magic
  2162 | D:2      | Reached XP level 4. HP: 15/24 MP: 3/8
  2162 | D:2      | Gained mutation: Your magical nature lets you fly swiftly
                  | and evasively. [Tengu growth]
  2162 | D:2      | Reached XP level 5. HP: 18/28 MP: 3/9
  2419 | D:2      | Learned a level 4 spell: Airstrike
  2527 | D:3      | Learned a level 3 spell: Mephitic Cloud
  2680 | D:3      | Noticed Robin
  2791 | D:3      | Killed Robin
  3074 | D:3      | Reached skill level 8 in Air Magic
  3074 | D:3      | Noticed Terence
  3083 | D:3      | Killed Terence
  3094 | D:3      | Noticed an ice beast
  3281 | D:3      | Noticed Sin92's ghost (amateur MiFi)
  3327 | D:3      | Killed an ice beast
  3328 | D:3      | Reached skill level 9 in Air Magic
  3328 | D:3      | Reached XP level 6. HP: 32/32 MP: 1/10
  4023 | D:4      | Reached XP level 7. HP: 36/36 MP: 5/12
  4310 | D:4      | Reached skill level 10 in Air Magic
  4567 | D:5      | Entered Level 5 of the Dungeon
  4641 | D:5      | Found a snail-covered altar of Cheibriados.
  4731 | D:6      | Noticed a steam dragon
  4734 | D:6      | Killed a steam dragon
  5216 | D:5      | Reached skill level 11 in Air Magic
  5216 | D:5      | Reached XP level 8. HP: 41/41 MP: 4/14
  6149 | D:6      | Reached skill level 12 in Air Magic
  6228 | D:6      | Found a staircase to the Ecumenical Temple.
  6245 | Temple   | Entered the Ecumenical Temple
  6420 | Temple   | Became a worshipper of Vehumet
  7105 | D:6      | Reached skill level 13 in Air Magic
  7491 | D:7      | Reached XP level 9. HP: 45/45 MP: 3/16
  8370 | D:7      | Learned a level 2 spell: Poisonous Vapours
  8374 | D:7      | Learned a level 3 spell: Ignite Poison
  8377 | D:7      | Learned a level 2 spell: Blink
  8758 | D:8      | Noticed Joseph
  8760 | D:8      | Reached skill level 14 in Air Magic
  9062 | D:8      | Found Piagal's Book Emporium.
  9166 | D:8      | Noticed a two-headed ogre
  9178 | D:8      | Reached skill level 5 in Spellcasting
  9312 | D:8      | Killed a two-headed ogre
  9313 | D:8      | Reached XP level 10. HP: 50/50 MP: 1/21
  9544 | D:8      | Reached skill level 1 in Translocations
  9664 | D:8      | Reached * piety under Vehumet
  9664 | D:8      | Offered knowledge of Foxfire by Vehumet.
  9748 | D:8      | Noticed Grum
  9751 | D:8      | Killed Grum
 10407 | D:8      | Killed Joseph
 10408 | D:8      | Reached skill level 5 in Conjurations
 11529 | D:9      | Reached skill level 1 in Fire Magic
 11529 | D:9      | Reached skill level 1 in Poison Magic
 12013 | D:9      | Found Loibet's Distillery.
 12022 | D:9      | Bought a potion of degeneration for 14 gold pieces
 12278 | D:9      | Reached ** piety under Vehumet
 12400 | D:9      | Offered knowledge of Freeze by Vehumet.
 12899 | D:10     | Entered Level 10 of the Dungeon
 12909 | D:10     | quinnr: ??lair
 12909 | D:10     | beem: lair[1/2]: Accessed from the main dungeon somewhere
                  | between levels 8 and 11. Six levels deep. The lair is full
                  | of "natural" critters such as rats, snakes, and yaks. One
                  | of Swamp/Shoals and one of Snake/Spider appears there, as
                  | well as Slime, and there is a relatively hard vault on
                  | Lair:6. The petting zoo of Crawl, if petting zoos had
                  | hydras.
 12914 | D:10     | Reached skill level 1 in Evocations
 13329 | D:10     | Reached XP level 11. HP: 54/54 MP: 15/23
 13639 | D:10     | Noticed a two-headed ogre
 13643 | D:10     | Killed a two-headed ogre
 13895 | D:10     | Noticed an orc knight
 14072 | D:10     | Found a staircase to the Lair.
 14215 | D:10     | Learned a level 9 spell: Chain Lightning
 14707 | D:10     | Killed an orc knight
 14904 | D:11     | Noticed Psyche
 14989 | D:11     | Killed Psyche
 15224 | D:11     | Noticed a manticore
 15228 | D:11     | Killed a manticore
 15393 | D:11     | Offered knowledge of Dazzling Flash by Vehumet.
 15803 | D:11     | Noticed a two-headed ogre
 15807 | D:11     | Killed a two-headed ogre
 15952 | D:11     | Noticed a two-headed ogre
 15958 | D:11     | Killed a two-headed ogre
 15959 | D:11     | Reached skill level 15 in Air Magic
 16062 | D:11     | Noticed a sixfirhy
 16366 | D:11     | Reached XP level 12. HP: 59/59 MP: 17/26
 16623 | D:1      | Bought a potion of cancellation for 104 gold pieces
 16623 | D:1      | Bought a potion of mutation for 104 gold pieces
 16825 | D:4      | Killed Sin92's ghost
 17123 | Lair:1   | Entered Level 1 of the Lair of Beasts
 17216 | Lair:1   | Reached *** piety under Vehumet
 17680 | Lair:1   | Reached skill level 10 in Conjurations
 18848 | Lair:2   | Noticed a death yak
 18848 | Lair:2   | Noticed a death yak
 18848 | Lair:2   | Noticed a death yak
 18848 | Lair:2   | Noticed a death yak
 18849 | Lair:2   | Noticed a death yak
 18850 | Lair:2   | Noticed a death yak
 18864 | Lair:2   | Noticed Urug
 18870 | Lair:2   | Reached skill level 16 in Air Magic
 18871 | Lair:2   | Killed Urug
 19093 | Lair:2   | Killed a death yak
 19111 | Lair:2   | Killed a death yak
 19111 | Lair:2   | Killed a death yak
 19116 | Lair:2   | Killed a death yak
 19144 | Lair:2   | Killed a death yak
 19234 | Lair:1   | Killed a death yak
 19237 | Lair:1   | Reached skill level 17 in Air Magic
 19343 | Lair:2   | HP: 4/59 [black mamba (18)]
 19344 | Lair:2   | Succumbed to a black mamba's poison

Illustrated notes

Levels and vault maps discovered:
D:1:      minmay_arrival_split_and_join, layout_loops_corners, serial_shops,
          nicolae_shop_statue_plus
D:2:      layout_basic, serial_glass, glass_columns_a, glass_columns_a,
          ebering_ecumenical_altar_ruins, solitary_fountain,
          kennysheep_generic_room_12
D:3:      layout_basic, gammafunk_ghost_necromancy, hangedman_decor_opposing,
          uniq_robin, uniq_terence
D:4:      layout_loops_ring, dk_noncrumbling_4
D:5:      layout_cave_pools, lemuel_crystal_altar, kennysheep_potato
D:6:      layout_cave_pools, minmay_temple_entry_waves
D:7:      layout_cave_pools, minmay_checkerbox
D:8:      layout_layer_cave, serial_shops,
          nicolae_shop_temple_entry_statues_fountains, fungi_pond_lemuel,
          uniq_joseph, uniq_grum
D:9:      layout_cave_pods, serial_glass, glass_columns_a, glass_columns_a,
          glass_columns_c, glass_columns_a, glass_columns_a, glass_columns_a,
          serial_shops, shop, nicolae_sextant, minmay_nine_imps
D:10:     layout_gridville, david_lair_generic, minivault_10
D:11:     layout_roguey, uniq_psyche
Temple:   nicolae_temple_the_god_donut
Lair:1:   layout_layer_cave, chequers_serial_rivers_micro_b, grunt_megastairs_2
Lair:2:   layout_regular_city, minmay_lair_oklob_chamber, uniq_urug

Skill      XL: |  1  2  3  4  5  6  7  8  9 10 11 12 |
---------------+-------------------------------------+-----
Air Magic      | 5 7 9 11 13 14 15 17 | 17.0
Conjurations   | 2 3 5 8 12 | 12.0
Spellcasting   | 3 4 6 7 9 |  9.0
Dodging        | 4 |  4.0
Stealth        | 4 |  4.0
Translocations | 4 |  4.0
Fire Magic     | 3 |  3.0
Poison Magic   | 3 |  3.0
Evocations     | 2 4 |  4.0

Action                   |  1- 3 |  4- 6 |  7- 9 | 10-12 || total
-------------------------+-------+-------+-------+-------++-------
Melee: Unarmed           |    14 |       |       |       ||    14
       Peck              |     3 |       |     2 |     1 ||     6
       Kick              |     2 |     1 |     1 |       ||     4
       Whip              |       |     2 |    11 |     1 ||    14
       Flail             |       |       |       |     4 ||     4
Throw: Dart              |       |     5 |       |       ||     5
 Cast: Shock             |    78 |    56 |    26 |    40 ||   200
       Airstrike         |       |    10 |    90 |   201 ||   301
       Mephitic Cloud    |       |       |     1 |     5 ||     6
       Poisonous Vapours |       |       |       |    69 ||    69
       Ignite Poison     |       |       |       |    28 ||    28
       Blink             |       |       |       |     1 ||     1
Evoke: Wand              |       |       |     3 |     6 ||     9
       Lightning rod     |       |       |       |     3 ||     3
  Use: Scroll            |       |       |    12 |     5 ||    17
       Potion            |       |       |       |     2 ||     2
Armor: Robe              |     2 |     3 |     2 |     8 ||    15
Dodge: Dodged            |    22 |    16 |    15 |   103 ||   156
       Repelled          |       |       |       |     2 ||     2

Table legend: (Time is in decaauts)
 A = Elapsed time spent in this place.
 B = Non-inter-level travel time spent in this place.
 C = Inter-level travel time spent in this place.
 D = Time resting spent in this place.
 E = Time spent auto-exploring this place.
 F = Levels seen in this place.
 G = Mean time per level.
                   A        B        C        D        E       F      G
               +--------+--------+--------+--------+--------+-----+--------+
         Total |  18617 |  17591 |   1026 |   6026 |   9391 |  14 | 1329.8 |
       Dungeon |  16505 |  15651 |    854 |   5516 |   8179 |  11 | 1500.5 |
        Temple |    222 |    167 |     55 |      0 |    165 |   1 |  222.0 |
          Lair |   1889 |   1772 |    117 |    510 |   1046 |   2 |  944.5 |
               +--------+--------+--------+--------+--------+-----+--------+

Top non-repeatable levels by time:
     D:8: 2380 daAuts
    D:10: 1930 daAuts
     D:7: 1778 daAuts
  Lair:1: 1687 daAuts
     D:9: 1626 daAuts
     D:1: 1566 daAuts
     D:3: 1558 daAuts
     D:5: 1321 daAuts
     D:4: 1258 daAuts
     D:6: 1197 daAuts
    D:11: 1150 daAuts
     D:2: 737 daAuts
  Temple: 222 daAuts
  Lair:2: 201 daAuts
